 Dungeon Crawl Stone Soup version 0.25.0-1-g7eea58d2a3 (webtiles) character file.

Game seed: 3612085891319537592

483 raph the Cleaver (level 7, -2/57 HPs)
             Began as a Hill Orc Fighter on June 14, 2020.
             Slain by Prince Ribbit (10 damage)
             ... on level 5 of the Dungeon.
             The game lasted 00:06:25 (4358 turns).

raph the Cleaver (Hill Orc Fighter)                 Turns: 4358, Time: 00:06:25

Health: -2/57      AC: 11    Str: 19    XL:     7   Next: 12%
Magic:  7/7        EV:  7    Int:  8    God:
Gold:   187        SH:  0    Dex: 12    Spells: 6/6 levels left

rFire    . . .     SeeInvis .   a - +0 battleaxe
rCold    . . .     Gourm    .   (shield currently unavailable)
rNeg     . . .     Faith    .   s - +0 chain mail
rPois    .         Spirit   .   i - +1 helmet
rElec    .         Reflect  .   (no cloak)
rCorr    .         Harm     .   (no gloves)
MR       .....                  (no boots)
Stlth    ..........             g - amulet of the acrobat
HPRegen  0.19/turn              (no ring)
MPRegen  0.10/turn              (no ring)

@: mighty
A: no striking features
a: no special abilities


You were on level 5 of the Dungeon.
You were not hungry.

You visited 1 branch of the dungeon, and saw 5 of its levels.

You collected 187 gold pieces.

Inventory:

Hand Weapons
 a - a +0 battleaxe (weapon)
 o - a +1 war axe
 w - a +0 morningstar
Missiles
 r - 8 atropa-tipped darts (quivered)
Armour
 c - a +0 kite shield
 i - a +1 helmet (worn)
 s - a +0 chain mail (worn)
Jewellery
 g - an amulet of the acrobat (around neck)
Wands
 k - a wand of iceblast (11)
 m - a wand of digging (7)
Scrolls
 b - a scroll of identify
 e - 3 scrolls of teleportation
 n - 5 scrolls of remove curse
Potions
 d - a potion of might
 h - a potion of mutation
 j - a potion of flight {unknown}
 p - 4 potions of brilliance
 q - a potion of cancellation
 t - a potion of haste {unknown}
 u - a potion of invisibility {unknown}
 v - a potion of lignification {unknown}
Comestibles
 f - 11 rations
 x - a chunk of flesh


   Skills:
 - Level 3.6 Fighting
 + Level 9.8 Axes
 - Level 3.2 Armour
 - Level 3.2 Shields


You had 6 spell levels left.
You didn't know any spells.
Your spell library contained the following spells:

 Spells                   Type           Power        Failure   Level  Hunger
 Confusing Touch          Hex            #.......     100%        3    ####...
 Gell's Gravitas          Tloc           #.........   100%        3    ####...
 Petrify                  Tmut/Erth      #.......     100%        4    #####..
 Metabolic Englaciation   Hex/Ice        #.........   100%        5    ######.
 Yara's Violent Unravell  Hex/Tmut       #.........   100%        5    ######.


Dungeon Overview and Level Annotations

Branches:
Dungeon (5/15)
 Temple: D:4-7

Altars:
Sif Muna

Annotations:
D:5 Prince Ribbit


Message History

You miss Prince Ribbit.
Prince Ribbit is heavily wounded.
Prince Ribbit hits you.
Prince Ribbit hits you but does no damage.
You closely miss Prince Ribbit.
Prince Ribbit is heavily wounded.
Prince Ribbit hits you!
* * * LOW HITPOINT WARNING * * *
Prince Ribbit hits you.
* * * LOW HITPOINT WARNING * * *
Your chain mail prevents you from hitting Prince Ribbit.
Prince Ribbit is heavily wounded.
Prince Ribbit hits you.
* * * LOW HITPOINT WARNING * * *
You feel much better. Prince Ribbit barely misses you. Prince Ribbit hits you!
* * * LOW HITPOINT WARNING * * *
Your chain mail prevents you from hitting Prince Ribbit.
Prince Ribbit is heavily wounded.
Prince Ribbit hits you!
You die...

......(.........
#...
..#.##.(##.....##..#
..#.##....#.....#..#
..........###).....#
.......(...........#
#...##.....#..#...##
###. ##.(..##....###
# ###.###..F...##
### ###.@...#
####.## ##


You could see Prince Ribbit.

Vanquished Creatures
  An ogre (D:4)
  A phantom (D:5)
  A centaur (D:5)
  A hound (D:4)
  A jelly (D:3)
  An iguana (D:3)
  A worker ant (D:4)
  A killer bee zombie (D:5)
  2 adders
  2 oozes
  3 worms
  A dart slug (D:2)
  2 leopard geckos (D:3)
  3 orcs
  3 ball pythons
  A giant cockroach (D:2)
  8 goblins
  9 hobgoblins
  5 kobolds
  2 quokkas (D:2)
  10 bats
  6 frilled lizards
  5 rats
70 creatures vanquished.

Notes
Turn   | Place    | Note
-------+----------+-------------------------------------------
     0 | D:1      | raph the Hill Orc Fighter began the quest for the Orb.
     0 | D:1      | Reached XP level 1. HP: 19/19 MP: 1/1
    63 | D:1      | Reached skill level 3 in Axes
   385 | D:1      | Reached XP level 2. HP: 26/26 MP: 2/2
   823 | D:2      | Reached skill level 4 in Axes
   877 | D:2      | Found a shimmering blue altar of Sif Muna.
   899 | D:2      | Reached XP level 3. HP: 29/31 MP: 3/3
  1172 | D:2      | Reached skill level 5 in Axes
  1895 | D:3      | Reached skill level 6 in Axes
  1895 | D:3      | Reached XP level 4. HP: 28/39 MP: 4/4
  2203 | D:3      | Reached XP level 5. HP: 42/45 MP: 5/5
  2255 | D:3      | Reached skill level 7 in Axes
  3242 | D:4      | Noticed an ogre
  3252 | D:4      | Killed an ogre
  3252 | D:4      | Reached skill level 8 in Axes
  3252 | D:4      | Reached XP level 6. HP: 9/51 MP: 6/6
  3848 | D:5      | Entered Level 5 of the Dungeon
  3848 | D:5      | Noticed a phantom
  3876 | D:5      | Killed a phantom
  3876 | D:5      | Reached skill level 9 in Axes
  4126 | D:5      | Noticed Prince Ribbit
  4130 | D:5      | Reached XP level 7. HP: 40/57 MP: 7/7
  4356 | D:5      | HP: 2/57 [Prince Ribbit (2)]
  4358 | D:5      | Slain by Prince Ribbit

Illustrated notes

Levels and vault maps discovered:
D:1:      elethiomel_arrival_quiet, layout_loops_ring
D:2:      layout_rooms, old_standard_altar
D:3:      layout_loops_ring, kennysheep_generic_room_7
D:4:      layout_loops_ring, first_ration
D:5:      layout_cave_pools, minmay_misc_feat_room, makhleb_blood_cavern_becter,
          uniq_prince_ribbit1

Skill      XL: |  1  2  3  4  5  6 |
---------------+-------------------+-----
Axes           | 3 4 6 8 9 |  9.8
Fighting       | |  3.6
Armour         | |  3.2
Shields        | |  3.2

Action                   |  1- 3 |  4- 6 |  7- 9 || total
-------------------------+-------+-------+-------++-------
Melee: War axe           |   119 |    80 |       ||   199
       Battleaxe         |       |    51 |    13 ||    64
  Use: Scroll            |       |    13 |       ||    13
       Potion            |       |       |     2 ||     2
  Eat: Chunk             |     3 |     5 |       ||     8
       Ration            |       |     1 |       ||     1
Armor: Scale mail        |    44 |       |       ||    44
       Chain mail        |    13 |    74 |     8 ||    95
Dodge: Dodged            |    80 |    56 |     5 ||   141
